 Dungeon Crawl Stone Soup version 0.26-a0-580-g4860111 (webtiles) character file.

Game seed: 1426415416495992678

464 smeego the Slasher (level 7, -2/47 HPs)
             Began as an Octopode Fighter on Aug 23, 2020.
             Killed from afar by a white imp (12 damage)
             ... with a puff of frost
             ... on level 5 of the Dungeon.
             The game lasted 00:03:50 (4188 turns).

smeego the Slasher (Octopode Fighter)               Turns: 4188, Time: 00:03:51

Health: -2/47      AC:  1    Str: 18    XL:     7   Next: 8%
Magic:  7/7        EV: 12    Int: 10    God:
Gold:   249        SH:  9    Dex: 11    Spells: 6/6 levels left

rFire    . . .     SeeInvis .   a - +0 long sword
rCold    . . .     Faith    .   b - +0 kite shield
rNeg     . . .     Spirit   .   (helmet restricted)
rPois    .         Reflect  .   (no amulet)
rElec    .         Harm     .   (no ring)
rCorr    .                      (no ring)
MR       .....                  (no ring)
Stlth    +++.......             (no ring)
HPRegen  0.15/turn              (no ring)
MPRegen  0.10/turn              (no ring)
                                (no ring)
                                (no ring)

@: no status effects
A: almost no armour, stealthy swim, amphibious, 8 rings, constrict 8, camouflage
1, gelatinous body 1
a: no special abilities


You were on level 5 of the Dungeon.
You visited 1 branch of the dungeon, and saw 5 of its levels.

You collected 249 gold pieces.

Inventory:

Hand Weapons
 a - a +0 long sword (weapon)
 r - a +4 short sword
 s - the +10 spear "Banisher" {vorpal, Str+8, unknown}
   (You found it on level 4 of the Dungeon)

   It inflicts extra damage upon your enemies.
   It affects your strength (+8).
Armour
 b - a +0 kite shield (worn)
Wands
 o - a wand of acid (10)
 p - a wand of iceblast (10)
 v - a wand of flame (10)
Scrolls
 d - a scroll of fog {unknown}
 e - 5 scrolls of identify
 f - 2 scrolls of noise {unknown}
 h - a scroll of teleportation {unknown}
 n - 2 scrolls of remove curse {unknown}
 q - a scroll of amnesia {unknown}
 t - a scroll of fear {unknown}
 u - a scroll of magic mapping {unknown}
Potions
 c - a potion of might
 g - 3 potions of curing
 i - 2 potions of haste
 j - a potion of lignification
 k - a potion of invisibility
 l - a potion of brilliance
 m - a potion of degeneration


   Skills:
 + Level 3.9 Fighting
 * Level 4.3 Long Blades
 + Level 4.0 Dodging
 + Level 3.4 Stealth
 + Level 4.0 Shields
 + Level 2.3 Unarmed Combat


You had 6 spell levels left.
You didn't know any spells.
Your spell library contained the following spells:

 Spells                   Type           Power        Failure   Level
 Confusing Touch          Hex            #.......     99%         3
 Gell's Gravitas          Tloc           #.........   99%         3
 Petrify                  Tmut/Erth      #.......     100%        4
 Metabolic Englaciation   Hex/Ice        #.........   100%        5
 Yara's Violent Unravell  Hex/Tmut       #.........   100%        5


Dungeon Overview and Level Annotations

Branches:
Dungeon (5/15)
 Temple: D:4-7

Altars:
Hepliaklqana
Qazlal


Innate Abilities, Weirdness & Mutations

You cannot wear most types of armour.
You are very stealthy in the water. (Stealth+)
You are amphibious.
You can wear up to eight rings at the same time.
You can use your tentacles to constrict eight enemies at once.
Your skin changes colour to match your surroundings (Stealth+).
Your rubbery body absorbs attacks. (AC +1, EV +1)


Message History

You block the jackal's attack. The white imp gestures at you.
The puff of frost misses you.
The puff of frost hits the jackal!
The jackal dies!
The white imp gestures at you. The puff of frost hits you!
You see here a jackal corpse.
Unknown command.
A white imp comes into view.
The white imp hits you.
* * * LOW HITPOINT WARNING * * *
The white imp freezes you.
* * * LOW HITPOINT WARNING * * *
You barely miss the white imp. Your grab misses the white imp.
You block the hound skeleton's attack.
A scorpion comes into view.
You block the hound skeleton's attack. The white imp gestures at you.
The puff of frost hits you!
You die...

...............
....$...........
.......s........
................
.......5........
................
................
........<.......
......Z@########
......5.#
.......†#
........#
........#
........#
........#
........#
........#


You could see a scorpion (wandering), 2 white imps and a hound skeleton.

Vanquished Creatures
  Eustachio (D:5)
  A scorpion (D:4)
  An orc priest (D:3)
  Ijyb (D:3)
  Terence (D:3)
  An orc wizard (D:3)
  4 gnolls (D:4)
  3 adders
  2 oozes
  2 worms
  2 dart slugs
  5 leopard geckos
  7 orcs (D:3)
  12 bats
  3 giant cockroaches
  6 goblins
  5 hobgoblins
  10 jackals
  3 quokkas
  A ball python (D:2)
  4 frilled lizards
  10 kobolds
  2 rats (D:1)
87 creatures vanquished.

Vanquished Creatures (others)
  A jackal (D:5)
1 creature vanquished.

Grand Total: 88 creatures vanquished

Notes
Turn   | Place    | Note
-------+----------+-------------------------------------------
     0 | D:1      | smeego the Octopode Fighter began the quest for the Orb.
     0 | D:1      | Reached XP level 1. HP: 16/16 MP: 1/1
   254 | D:1      | Reached XP level 2. HP: 18/21 MP: 2/2
   789 | D:1      | Reached skill level 1 in Stealth
   987 | D:1      | Reached XP level 3. HP: 26/26 MP: 3/3
  1884 | D:2      | Reached skill level 1 in Unarmed Combat
  1938 | D:2      | Reached XP level 4. HP: 20/31 MP: 4/4
  2570 | D:3      | Noticed Terence
  2583 | D:3      | Killed Terence
  2583 | D:3      | Reached XP level 5. HP: 31/36 MP: 5/5
  2634 | D:3      | Noticed Ijyb
  2652 | D:3      | Killed Ijyb
  2716 | D:3      | HP: 1/36 [quokka (5)]
  3541 | D:4      | Found a hazy altar of Hepliaklqana.
  3551 | D:4      | Found a stormy altar of Qazlal.
  3552 | D:4      | Reached XP level 6. HP: 42/42 MP: 6/6
  3557 | D:4      | Got a crude spear
  4166 | D:4      | Noticed a phantom
  4173 | D:5      | Entered Level 5 of the Dungeon
  4173 | D:5      | Noticed Eustachio
  4183 | D:5      | Killed Eustachio
  4183 | D:5      | Reached XP level 7. HP: 24/47 MP: 7/7
  4188 | D:5      | Killed from afar by a white imp

Illustrated notes

Levels and vault maps discovered:
D:1:      sevenhm_arrival_forest_fort_large_2, layout_basic
D:2:      layout_basic
D:3:      minmay_evil_eye, layout_loops_ring, uniq_terence, uniq_ijyb
D:4:      layout_basic, old_standard_altar, lemuel_crystal_altar, serial_shops,
          nicolae_shop_waterfront
D:5:      layout_gridville, feat_on_display, uniq_menkaure, uniq_grinder,
          uniq_eustachio

Skill      XL: |  1  2  3  4  5  6 |
---------------+-------------------+-----
Stealth        | 1 2 3 |  3.4
Unarmed Combat | 1 2 |  2.3
Long Blades    | 3 4 |  4.3
Dodging        | 4 |  4.0
Shields        | 4 |  4.0
Fighting       | |  3.9

Action                   |  1- 3 |  4- 6 |  7- 9 || total
-------------------------+-------+-------+-------++-------
Melee: Long sword        |    73 |    97 |     2 ||   172
       Constrict         |    18 |    24 |     1 ||    43
       Tentacles         |     8 |    13 |       ||    21
       Punch             |       |     1 |       ||     1
Evoke: Wand              |       |     3 |       ||     3
  Use: Scroll            |       |     6 |       ||     6
       Potion            |       |     2 |       ||     2
 Stab: Sleeping          |    11 |     7 |       ||    18
       Distracted        |       |     1 |       ||     1
Armor: Skin              |     4 |    17 |       ||    21
Dodge: Dodged            |    35 |    42 |     2 ||    79
Block: Kite shield       |    34 |    39 |     3 ||    76
       Rpst.: Long sword |     8 |    12 |       ||    20

Table legend: (Time is in decaauts)
 A = Elapsed time spent in this place.
 B = Non-inter-level travel time spent in this place.
 C = Inter-level travel time spent in this place.
 D = Time resting spent in this place.
 E = Time spent auto-exploring this place.
 F = Levels seen in this place.
 G = Mean time per level.
                   A        B        C        D        E       F      G
               +--------+--------+--------+--------+--------+-----+--------+
         Total |   4241 |   4128 |    113 |    318 |   3170 |   5 |  848.2 |
       Dungeon |   4241 |   4128 |    113 |    318 |   3170 |   5 |  848.2 |
               +--------+--------+--------+--------+--------+-----+--------+

Top non-repeatable levels by time:
     D:3: 1379 daAuts
     D:1: 1336 daAuts
     D:2: 867 daAuts
     D:4: 642 daAuts
     D:5: 15 daAuts
